AoeStats
← Luke Vickerry

Arena

509363677Analyzed
4v4 RM · 6d ago on Sep 26, 2026· 50m 6s· 8 players
Game mode
Random Map
Map size
Large (8 player)
Population
200
Speed
Normal
Resources
Standard
Victory
Conquest
Starting age
Dark Age
Ending age
Imperial Age
RankedLock teamsTeams togetherTeam positionsShared explorationLock speedFull tech treeHidden civsTurbo modeCheats
Victory
Defeat
🇦🇷 Celts · Argentina
1037
+14
🇹🇷 Mongols · Türkiye
1029
+15
🇹🇷 Italians · Türkiye
1001
+16
🇬🇧 Danes · United Kingdom
968
+17
🇨🇳 Mongols · China
1019
-16
🇮🇳 Persians · India
1004
-16
🇹🇼 Franks · Taiwan
995
-15
980
-15
給你舒服
10:18 Feudal Age
8:47 Loom
11:05 Double-Bit Axe
17:39 Castle Age
16:39 Fletching
16:52 Scale Mail Armor
16:50 Gold Mining
18:16 Forging
18:51 Bow Saw
26:48 Pikeman
27:29 Squires
31:11 Ballistics
33:00 Chain Mail Armor
34:20 Ordonnance Companies
35:54 Wheelbarrow
38:08 Imperial Age
35:26 Ordonnance Companies
37:01 Iron Casting
38:20 Bodkin Arrow
40:19 Fortified Wall
43:05 Chemistry
瘦死的骆驼比马大
11:51 Feudal Age
15:21 Castle Age
13:38 Double-Bit Axe
13:38 Horse Collar
19:07 Bow Saw
22:39 Wheelbarrow
24:00 Hand Cart
26:21 Chemistry
28:33 Imperial Age
30:43 Two-Man Saw
30:32 Conscription
33:39 Houfnice
34:57 Ballistics
35:57 Bombard Tower
35:36 Murder Holes
36:51 Wagenburg Tactics
40:04 Coinage
40:16 Pikeman
40:57 Squires
41:24 Heavy Plow
45:44 Banking
44:57 Elite Skirmisher
46:46 Padded Archer Armor
46:37 Fletching
Boxster553
0:56 Loom
14:16 Feudal Age
15:46 Wheelbarrow
14:57 Town Watch
14:55 Horse Collar
15:02 Double-Bit Axe
20:18 Castle Age
19:20 Stone Mining
20:10 Gold Mining
21:14 Husbandry
35:33 Bow Saw
40:42 Hand Cart
40:29 Town Patrol
39:57 Crossbowman
42:14 Thumb Ring
42:51 Fletching
43:02 Padded Archer Armor
43:33 Ballistics
45:40 Leather Archer Armor
雷欧
9:24 Feudal Age
11:53 Double-Bit Axe
14:10 Castle Age
11:56 Horse Collar
18:49 Wheelbarrow
20:01 Bow Saw
23:26 Heavy Plow
23:19 Gold Mining
25:48 Fletching
25:57 Loom
30:01 Imperial Age
27:58 Bodkin Arrow
28:09 Scale Barding Armor
30:02 Chain Barding Armor
29:42 Padded Archer Armor
30:21 Stone Mining
31:06 Gold Shaft Mining
31:30 Husbandry
31:41 Bloodlines
30:51 Elite Steppe Lancer
32:03 Conscription
33:55 Hand Cart
33:33 Town Watch
33:49 Elite Mangudai
35:16 Stone Shaft Mining
35:36 Ballistics
36:16 Chemistry
35:27 Masonry
35:23 Siege Engineers
35:27 Bracer
35:47 Leather Archer Armor
36:34 Parthian Tactics
36:15 Thumb Ring
35:35 Capped Ram
37:20 Nomads
37:40 Drill
37:56 Hoardings
38:14 Siege Ram
39:11 Forging
39:44 Light Cavalry
42:34 Iron Casting
41:53 Guard Tower
42:06 Devotion
42:14 Hussar
Luke Vickerry
11:07 Feudal Age
15:18 Castle Age
15:39 Scale Mail Armor
24:03 Town Watch
32:52 Imperial Age
30:59 Wheelbarrow
30:10 Loom
34:01 Chain Mail Armor
33:56 Forging
36:01 Heavy Scorpion
38:57 Capped Ram
40:55 Furor Celtica
42:43 Chemistry
43:12 Siege Ram
King of Negev
6:10 Loom
11:21 Feudal Age
12:04 Horse Collar
16:46 Castle Age
16:23 Double-Bit Axe
19:55 Bow Saw
20:49 Gold Mining
28:30 Town Watch
32:17 Imperial Age
30:05 Heavy Plow
30:16 Fletching
30:26 Padded Archer Armor
31:40 Bodkin Arrow
32:01 Leather Archer Armor
32:46 Wheelbarrow
32:14 Stone Mining
33:02 Silk Road
32:06 Crossbowman
33:14 Ballistics
34:02 Chemistry
35:11 Bracer
35:26 Leather Archer Armor
34:40 Arbalester
35:27 Thumb Ring
37:09 Two-Man Saw
36:27 Hand Cart
36:59 Crop Rotation
37:18 Ring Archer Armor
38:12 Hoardings
37:58 Conscription
41:10 Guilds
40:36 Elite Genoese Crossbowman
IdleBonobo
12:03 Feudal Age
13:20 Double-Bit Axe
15:57 Castle Age
21:23 Horse Collar
21:41 Stone Mining
22:13 Bow Saw
22:25 Gold Mining
23:04 Loom
23:55 Wheelbarrow
23:05 Town Watch
24:08 Gold Shaft Mining
24:21 Town Patrol
25:09 Hand Cart
31:06 Imperial Age
29:22 Forging
29:13 Scale Mail Armor
30:48 Iron Casting
29:49 Hamask
30:59 Chain Mail Armor
30:50 Heavy Plow
31:29 Stone Shaft Mining
31:49 Squires
31:35 Arson
32:59 Blast Furnace
31:35 Elite Jomsviking
32:45 Conscription
34:20 Elite Skirmisher
34:54 Fletching
35:05 Padded Archer Armor
35:24 Thumb Ring
35:46 Bodkin Arrow
39:18 Bracer
39:33 Leather Archer Armor
40:29 Plate Mail Armor
42:42 Ring Archer Armor
42:39 Ballistics
43:19 Chemistry
42:30 Masonry
50:07 Siege Engineers
49:57 Capped Ram
50:02 Northmen's Fury
winter is coming
7:11 Loom
10:48 Feudal Age
15:08 Castle Age
13:35 Fletching
13:46 Padded Archer Armor
13:38 Double-Bit Axe
13:34 Horse Collar
14:18 Gold Mining
15:22 Wheelbarrow
16:08 Heavy Plow
27:22 Bow Saw
31:21 Imperial Age
29:19 Bodkin Arrow
29:40 Leather Archer Armor
29:31 Scale Barding Armor
29:37 Forging
29:59 Hand Cart
31:25 Bloodlines
31:16 Husbandry
32:30 Iron Casting
32:49 Gold Shaft Mining
32:04 Stone Mining
32:54 Scale Mail Armor
33:16 Chain Barding Armor
35:31 Elite Steppe Lancer
37:21 Blast Furnace
36:22 Bracer
38:02 Leather Archer Armor
42:12 Stone Shaft Mining
46:47 Thumb Ring
47:07 Parthian Tactics
Connection lost

Rejoining the realm…

Still unreachable

The connection could not be restored.

Session expired

The server has moved on; the page needs a fresh start.